 Dungeon Crawl Stone Soup version 0.23.2-33-g5129a83184 (webtiles) character file.

Game seed: 15775734747762849574

14 Destapler the Magician (level 2, 22/22 HPs)
             Began as a Centaur Wizard on July 24, 2019.
             Got out of the dungeon alive.
             The game lasted 00:04:19 (711 turns).

Destapler the Magician (Centaur Wizard)              Turns: 711, Time: 00:04:20

Health: 22/22      AC:  4    Str:  9    XL:     2   Next: 27%
Magic:  5/5        EV:  9    Int: 17    God:
Gold:   32         SH:  0    Dex:  7    Spells: 5/6 levels left

rFire    . . .     SeeInvis .   c - +0 short sword
rCold    . . .     Gourm    .   (no shield)
rNeg     . . .     Faith    .   a - +0 robe
rPois    .         Spirit   .   b - +0 hat
rElec    .         Reflect  .   (no cloak)
rCorr    .         Harm     .   (no gloves)
MR       .....                  (no barding)
Stlth    +.........             (no amulet)
HPRegen  0.07/turn              (no ring)
MPRegen  0.09/turn              (no ring)

@: very quick
A: large, hooves 3, deformed body, speed 2, tough skin 3
a: no special abilities


You escaped.
You were not hungry.

You visited 1 branch of the dungeon, and saw 1 of its levels.

You collected 32 gold pieces.

Inventory:

Hand Weapons
 c - a +0 short sword (weapon)
Armour
 a - a +0 robe (worn)
 b - a +0 hat (worn)
Scrolls
 e - 4 scrolls of teleportation {unknown}
 f - a scroll of fear {unknown}
 g - a scroll of enchant weapon {unknown}
Comestibles
 d - a ration
 h - a chunk of flesh


   Skills:
 + Level 0.4 Fighting
 + Level 0.3 Short Blades
 + Level 0.7 Throwing
 + Level 1.5 Dodging
 - Level 1.1 Stealth
 + Level 2.5 Spellcasting
 + Level 1.1 Conjurations
   Level 0.8 Summonings
   Level 0.8 Translocations


You had 5 spell levels left.
You knew the following spells:

 Your Spells              Type           Power        Failure   Level  Hunger
a - Magic Dart            Conj           #...         12%         1    #......

Your spell library contained the following spells:

 Spells                   Type           Power        Failure   Level  Hunger
 Blink                    Tloc           N/A          21%         2    ##.....
 Call Imp                 Summ           #.......     21%         2    ##.....
 Slow                     Hex            #.......     28%         2    ##.....
 Conjure Flame            Conj/Fire      #.......     41%         3    ###....
 Mephitic Cloud           Conj/Pois/Air  #.......     43%         3    ###....


Dungeon Overview and Level Annotations

Branches:
Dungeon (1/15)

Altars:


Innate Abilities, Weirdness & Mutations

You have hooves in place of feet.
Armour fits poorly on your strangely shaped body.
You cover ground very quickly.
You have extremely tough skin. (AC +3)


Message History

The ooze hits you.
You completely miss the ooze. You kick the ooze.
The ooze is severely wounded.
The ooze hits you.
You hit the ooze. You kick the ooze.
You kill the ooze!
You start resting.
Magic restored.
Saving game... please wait.
Welcome back, Destapler the Centaur Wizard.
Press ? for a list of commands and other information.
Unknown command.
You see here a +0 dagger.
HP restored.
Some of the chunks of flesh in your inventory have rotted away.
There is a staircase leading out of the dungeon here.
Are you sure you want to leave the Dungeon?
This will make you lose the game!
Uppercase [Y]es or [N]o only, please.
Are you sure you want to leave the Dungeon?
This will make you lose the game!
You have escaped!

###...####........#
########
#.......'........#P.P.
###....###........#P.P♣.
#....#.# ##.......#..PP.
#.##...# ##......#PP.P.
#.###.## ##.....#.♣PP.
#.###.# ##....#..♣.P
......########....#...♣
#.####..........@.#PP.♣P
#.# #.#######)...#PP...
#.# #.# ##.....#...PP
#.# #.# #......#P♣.PP
#.# #.# ##.....#P.PPP
#.####.# ##....#...PP
#......# #....#♣.PP.
######## #(...# ...P
#(...# ###


There were no monsters in sight!

Vanquished Creatures
  An ooze (D:1)
  A leopard gecko (D:1)
  A giant cockroach (D:1)
  A goblin (D:1)
  3 kobolds (D:1)
  A rat (D:1)
8 creatures vanquished.

Notes
Turn   | Place    | Note
-------+----------+-------------------------------------------
     0 | D:1      | Destapler the Centaur Wizard began the quest for the Orb.
     0 | D:1      | Reached XP level 1. HP: 14/14 MP: 3/3
   214 | D:1      | Reached skill level 1 in Conjurations
   591 | D:1      | Reached XP level 2. HP: 22/22 MP: 0/5
   711 | D:$      | Got out of the dungeon alive.

Skill      XL: |  1 |
---------------+----+-----
Conjurations   | 1 |  1.1
Fighting       | |  0.4
Short Blades   | |  0.3
Throwing       | |  0.7
Dodging        | |  1.5
Stealth        | |  1.1
Spellcasting   | |  2.5
Summonings     | |  0.8
Translocations | |  0.8

Action                   || total
-------------------------++-------
Melee: Short sword       ||    17
       Kick              ||     5
 Cast: Magic Dart        ||     8
Armor: Robe              ||     5
Dodge: Dodged            ||     3
